 Dungeon Crawl Stone Soup version 0.24.0-123-gd5b16e6ec5 (webtiles) character file.

Game seed: 9053626894846366956, levelgen mode: deterministic

1869 Destapler the Cutter (level 8, 0/61 HPs)
             Began as a Demonspawn Artificer on Dec 21, 2019.
             Was an Initiate of Qazlal.
             Slain by a hippogriff (2 damage)
             ... on level 7 of the Dungeon on Dec 22, 2019.
             The game lasted 00:38:11 (6412 turns).

Destapler the Cutter (Demonspawn Artificer)         Turns: 6412, Time: 00:38:12

Health: 0/61       AC:  5    Str: 19    XL:     8   Next: 90%
Magic:  0/12       EV:  8    Int: 12    God:    Qazlal [......]
Gold:   56         SH: 14    Dex: 15    Spells: 6/7 levels left

rFire    + . .     SeeInvis .   a - +0 dagger (venom)
rCold    . . .     Gourm    .   o - +0 large shield
rNeg     . . .     Faith    .   m - +1 leather armour {MR+}
rPois    .         Spirit   +   (no helmet)
rElec    .         Reflect  .   i - +0 cloak
rCorr    .         Harm     .   (no gloves)
MR       +....                  (no boots)
Stlth    +.........             (no amulet)
HPRegen  0.20/turn              A - ring of flight
MPRegen  0.13/turn              (no ring)

@: mighty, lethally poisoned (0 -> -5)
A: hooves 2, fire resistance 1, magic shield
a: Renounce Religion, Evoke Flight


You were on level 7 of the Dungeon.
You worshipped Qazlal.
Qazlal was noncommittal.
You were not hungry.

You visited 1 branch of the dungeon, and saw 7 of its levels.

You collected 376 gold pieces.
You spent 320 gold pieces at shops.

Inventory:

Hand Weapons
 a - a +0 dagger of venom (weapon)
 H - a +0 falchion of pain
Missiles
 l - 177 stones (quivered)
 y - 2 atropa-tipped darts
 E - 5 boomerangs
Armour
 b - a +0 leather armour
 i - a +0 cloak (worn)
 m - a +1 leather armour of magic resistance (worn)
 o - a +0 large shield (worn)
 v - a +0 ring mail
Jewellery
 A - a ring of flight (left hand)
 G - an uncursed amulet of the acrobat {unknown}
Wands
 c - a wand of flame (36)
 d - a wand of enslavement (14)
 e - a wand of random effects (9)
 F - a wand of acid (10)
Scrolls
 g - 3 scrolls of teleportation
 h - 6 scrolls of identify
 j - 5 scrolls of enchant weapon {unknown}
 k - 6 scrolls of remove curse
 r - a scroll of random uselessness {unknown}
 s - 2 scrolls of blinking {unknown}
 z - a scroll of summoning {unknown}
 C - a scroll of immolation
Potions
 p - a potion of lignification {unknown}
 q - 6 potions of curing
 u - 2 potions of flight
 w - 2 potions of cancellation
 x - a potion of might
 B - a potion of haste {unknown}
 D - 2 potions of degeneration {unknown}
Comestibles
 f - 5 rations


   Skills:
 + Level 4.4 Fighting
 * Level 6.7 Short Blades
 - Level 1.7 Dodging
 - Level 0.8 Stealth
 - Level 4.0 Shields
 + Level 3.7 Hexes
 + Level 5.4 Evocations


You had 6 spell levels left.
You knew the following spells:

 Your Spells              Type           Power        Failure   Level  Hunger
z - Confusing Touch       Hex            #.....       80%         1    ##.....

Your spell library contained the following spells:

 Spells                   Type           Power        Failure   Level  Hunger
 Corona                   Hex            #......      80%         1    ##.....
 Sandblast                Erth           #.....       99%         1    ##.....
 Shock                    Conj/Air       #...         99%         1    ##.....
 Ensorcelled Hibernation  Hex/Ice        #.....       99%         2    ###....
 Confuse                  Hex            #.......     99%         3    ####...
 Tukima's Dance           Hex            #.......     99%         3    ####...
 Passwall                 Tmut/Erth      #.......     100%        2    ###....
 Swiftness                Chrm/Air       #.......     100%        2    ###....
 Dazzling Spray           Conj/Hex       #.....       100%        3    ####...
 Gell's Gravitas          Tloc           #.........   100%        3    ####...
 Mephitic Cloud           Conj/Pois/Air  #.......     100%        3    ####...
 Stone Arrow              Conj/Erth      #.....       100%        3    ####...
 Petrify                  Tmut/Erth      #.......     100%        4    #####..
 Lee's Rapid Deconstruct  Erth           #.........   100%        5    ######.
 Metabolic Englaciation   Hex/Ice        #.........   100%        5    ######.
 Yara's Violent Unravell  Hex/Tmut       #.........   100%        5    ######.
 Conjure Ball Lightning   Conj/Air       #.........   100%        6    #######


Dungeon Overview and Level Annotations

Branches:
Dungeon (7/15)
 Temple: D:4-7

Altars:
Qazlal
Ru
Xom

Shops:
D:4 ?   D:6 !:**

Annotations:
D:7 Joseph


Innate Abilities, Weirdness & Mutations

You have hoof-like feet.
Your flesh is heat resistant. (rF+)
When hurt, damage is shared between your health and your magic reserves.


Message History

* * * LOW HITPOINT WARNING * * *
You feel much better.
You feel sick. You block the scorpion's attack. The hippogriff bites you.
You block the hippogriff's attack.
The hippogriff claws you but does no damage.
Joseph hits you with a +0 quarterstaff!
Your +0 dagger of venom begins to drip with poison!
a - a +0 dagger of venom (weapon)
You feel sick. The scorpion stings you. You block the hippogriff's attack. x2
The hippogriff claws you!
* * * LOW HITPOINT WARNING * * *
You closely miss Joseph. You kick Joseph!
Joseph is moderately wounded.
Joseph hits you with a +0 quarterstaff!
* * * LOW HITPOINT WARNING * * *
The scorpion completely misses you.
You puncture Joseph!
Joseph is poisoned.
Joseph is heavily wounded.
* * * LOW HITPOINT WARNING * * *
You feel sick. The hippogriff bites you.
You die...

..................#
........#.#..###..#
........#.#.......#
..................#
...............[..#
..................#
..................#
..........@.......#
........###@......#
#.......# #sH.#...#
...#...(# #l......#
...#....# #...#....
......... .%..# ...
...#....###..## ..
......... .... #
......... ....
......... ....#


You could see Joseph, a hippogriff, a scorpion and a leopard gecko.

Vanquished Creatures
  Sigmund (D:2)
  Eustachio (D:4)
  A sky beast (D:7)
  2 ogres (D:4)
  A centaur (D:6)
  A big kobold (D:6)
  Blork the orc (D:6)
  Terence (D:2)
  2 bullfrogs
  2 scorpions (D:6)
  A bullfrog zombie (D:5)
  3 hounds
  2 orc wizards (D:5)
  8 orc priests
  2 iguanas (D:6)
  Natasha (twice) (D:2)
  5 worker ants
  A hound zombie (D:7)
  A gnoll (D:1)
  6 adders
  An adder skeleton (D:6)
  A dart slug (D:1)
  6 leopard geckos
  18 orcs
  8 bats
  A giant cockroach (D:2)
  9 hobgoblins
  4 jackals (D:4)
  9 kobolds
  4 quokkas
  6 frilled lizards
  12 goblins
  A quokka skeleton (D:5)
  7 rats
131 creatures vanquished.

Vanquished Creatures (collateral kills)
  Natasha (D:2)
  A bat (D:2)
2 creatures vanquished.

Grand Total: 133 creatures vanquished

Notes
Turn   | Place    | Note
-------+----------+-------------------------------------------
     0 | D:1      | Destapler the Demonspawn Artificer began the quest for the
                  | Orb.
     0 | D:1      | Reached XP level 1. HP: 15/15 MP: 3/3
    32 | D:1      | Reached skill level 1 in Short Blades
    61 | D:1      | Reached skill level 2 in Short Blades
    61 | D:1      | Gained mutation: You have large cloven feet. [demonic
                  | ancestry]
    61 | D:1      | Reached XP level 2. HP: 15/21 MP: 4/4
   422 | D:1      | Reached XP level 3. HP: 24/26 MP: 5/5
   861 | D:2      | Reached skill level 3 in Short Blades
   913 | D:2      | Noticed Natasha
   920 | D:2      | Killed Natasha
   920 | D:2      | Reached skill level 1 in Shields
   947 | D:2      | Reached XP level 4. HP: 20/32 MP: 6/6
  1013 | D:2      | Noticed Sigmund
  1499 | D:2      | Killed Sigmund
  1499 | D:2      | Gained mutation: You have hoof-like feet. [demonic
                  | ancestry]
  1499 | D:2      | Reached XP level 5. HP: 22/37 MP: 7/7
  1561 | D:2      | Noticed Terence
  1563 | D:2      | Noticed Natasha
  1571 | D:2      | Killed Natasha
  1575 | D:2      | Killed Terence
  1575 | D:2      | Gained mutation: Your flesh is heat resistant. (rF+)
                  | [demonic ancestry]
  1575 | D:2      | Reached XP level 6. HP: 29/43 MP: 8/8
  1743 | D:2      | Noticed Natasha
  1749 | D:2      | Killed Natasha
  1901 | D:2      | You fall into a shaft and drop 2 floors!
  1925 | D:4      | Reached skill level 4 in Short Blades
  1950 | D:4      | Found Mohoc's Magic Scroll Emporium.
  1975 | D:4      | Noticed Eustachio
  2853 | D:4      | Learned a level 1 spell: Confusing Touch
  2987 | D:4      | Gained mutation: When hurt, damage is shared between your
                  | health and your magic reserves. [demonic ancestry]
  2987 | D:4      | Reached XP level 7. HP: 20/50 MP: 9/9
  3140 | D:4      | Bought a scroll of identify for 26 gold pieces
  3220 | D:4      | HP: 2/50 [orc/+0 falchion (1)]
  3223 | D:4      | Reached skill level 1 in Hexes
  3995 | D:4      | Killed Eustachio
  3995 | D:4      | Reached skill level 5 in Short Blades
  4013 | D:5      | Entered Level 5 of the Dungeon
  4046 | D:5      | Found a shimmering altar of Xom.
  4729 | D:5      | You fall into a shaft and drop 2 floors!
  4751 | D:7      | Noticed a hippogriff
  4858 | D:7      | Reached XP level 8. HP: 44/58 MP: 7/11
  4976 | D:6      | Found Tobaj's Assorted Antiques.
  4979 | D:6      | Bought a scroll labeled BIOMUXT CEIRR for 25 gold pieces
  4979 | D:6      | Bought a scroll labeled XITUAWKAFAOS for 25 gold pieces
  4979 | D:6      | Bought a scroll labeled BOBLEO PURUF for 25 gold pieces
  4979 | D:6      | Bought a scroll labeled KASOPREMIE for 25 gold pieces
  4979 | D:6      | Bought a scroll labeled BOBLEO PURUF for 25 gold pieces
  4982 | D:6      | Bought a golden ring for 125 gold pieces
  5004 | D:6      | Found Zyufed's Book Emporium.
  5249 | D:5      | Reached skill level 6 in Short Blades
  5709 | D:6      | Found Atyffiri's Assorted Antiques.
  5758 | D:6      | Reached skill level 5 in Evocations
  5896 | D:6      | Identified the Papyrus of Cankerous Air
  5931 | D:6      | Found a stormy altar of Qazlal.
  6055 | D:6      | Noticed Blork the orc
  6078 | D:6      | Killed Blork the orc
  6083 | D:6      | Found a sacrificial altar of Ru.
  6185 | D:6      | Found Long's Distillery.
  6190 | D:6      | Bought a potion of might for 44 gold pieces
  6342 | D:6      | Became a worshipper of Qazlal Stormbringer
  6389 | D:7      | Noticed Joseph
  6411 | D:7      | HP: 3/61 [Joseph/+0 quarterstaff (9)]
  6412 | D:7      | Slain by a hippogriff

Levels and vault maps discovered:
D:1:      tarquinn_simple_flora_water_f, layout_rooms,
          chequers_serial_rivers_marsh, chequers_serial_rivers_micro_d,
          chequers_serial_rivers_large_a, minmay_3d_cube
D:2:      layout_loops_ring, uniq_terence, uniq_sigmund, uniq_natasha
D:3:      layout_basic
D:4:      layout_gridville, serial_shops, shop, uniq_eustachio
D:5:      layout_basic, basic_altar, first_ration
D:6:      layout_loops_corners, serial_shops, shop, shop, kennysheep_little_box,
          shop, basic_altar, nicolae_ru_path_of_blood, uniq_blork_the_orc
D:7:      layout_basic, minmay_temple_entry_hall, gammafunk_ghost_stat_death,
          uniq_joseph, uniq_crazy_yiuf_cottage, uniq_duvessa

Skill      XL: |  1  2  3  4  5  6  7  8 |
---------------+-------------------------+-----
Short Blades   | 2 3 4 5 6 |  6.7
Shields        | 1 3 4 |  4.0
Fighting       | 2 3 4 |  4.4
Hexes          | 2 3 |  3.7
Evocations     | 4 5 |  5.4
Dodging        | |  1.7
Stealth        | |  0.8

Action                   |  1- 3 |  4- 6 |  7- 9 || total
-------------------------+-------+-------+-------++-------
Melee: Short sword       |    89 |     4 |       ||    93
       Kick              |    17 |    32 |    89 ||   138
       Spear             |       |    11 |       ||    11
       Dagger            |       |   119 |   264 ||   383
       Falchion          |       |       |     7 ||     7
Throw: Stone             |     7 |       |       ||     7
Evoke: Wand              |     1 |     7 |     2 ||    10
  Use: Potion            |     1 |     2 |     3 ||     6
       Scroll            |       |       |    10 ||    10
 Stab: Sleeping          |       |     1 |     1 ||     2
  Eat: Chunk             |       |     7 |    11 ||    18
Armor: Leather armour    |    48 |    13 |    51 ||   112
       Ring mail         |       |     3 |       ||     3
Dodge: Dodged            |    82 |    21 |    81 ||   184
Block: Large shield      |       |    57 |   185 ||   242
       Rpst.: Falchion   |       |       |     2 ||     2
